AoeStats
← AiM | CyclopsTron

MegaRandom

509546621Analyzed
4v4 RM · 3d ago on Sep 27, 2026· 28m 54s· 8 players
Game mode
Random Map
Map size
Large (8 player)
Population
200
Speed
Normal
Resources
Standard
Victory
Conquest
Starting age
Dark Age
Ending age
Imperial Age
RankedLock teamsTeams togetherTeam positionsShared explorationLock speedFull tech treeHidden civsTurbo modeCheats
Victory
Defeat
🇲🇽 Varangians · Mexico
1692
+8
🇦🇷 Jurchens · Argentina
1618
+11
🇲🇽 Shu · Mexico
1572
+13
1561
+13
🇭🇰 Saxons · Hong Kong SAR China
1540
-12
🇺🇸 Vietnamese · United States
1522
-12
🇺🇸 Mongols · United States
1491
-11
🇫🇷 Lithuanians · France
1457
-10
MooSpecial
8:14 Loom
10:39 Feudal Age
11:06 Double-Bit Axe
13:11 Fishing Lines
19:45 Castle Age
17:50 Gold Mining
20:38 Medium Warships
20:19 Gillnets
20:40 Bow Saw
20:12 Horse Collar
24:39 Wheelbarrow
23:51 Town Watch
27:56 Heavy Plow
31:36 Imperial Age
Ivbin Jirginov
1:39 Loom
13:09 Feudal Age
16:25 Town Watch
22:31 Castle Age
24:11 Wheelbarrow
23:25 Double-Bit Axe
28:36 Fletching
Andy
11:12 Feudal Age
9:51 Loom
15:08 Castle Age
13:35 Double-Bit Axe
18:35 Gold Mining
22:49 Imperial Age
20:24 Horse Collar
23:28 Bow Saw
23:12 Town Watch
23:13 Loom
NSK.Kalupso
7:13 Loom
9:55 Feudal Age
11:34 Wheelbarrow
14:19 Castle Age
13:32 Double-Bit Axe
18:11 Bow Saw
23:10 Wheelbarrow
22:16 Horse Collar
23:27 Heavy Plow
23:21 Gold Mining
AiM | CaballeroTemplario
1:31 Loom
11:19 Feudal Age
11:55 Double-Bit Axe
18:08 Fletching
22:55 Castle Age
21:26 Gold Mining
22:26 Horse Collar
23:36 Padded Archer Armor
23:11 Crossbowman
26:34 Bow Saw
27:09 Bodkin Arrow
27:30 Stone Mining
AiM | Fubuki Sinri
7:20 Loom
10:58 Feudal Age
13:27 Fletching
20:10 Double-Bit Axe
25:53 Castle Age
28:37 Castle Age
27:10 Padded Archer Armor
28:43 Crossbowman
29:19 Bodkin Arrow
AiM | CyclopsTron
7:08 Loom
10:00 Feudal Age
10:42 Double-Bit Axe
12:23 Horse Collar
14:09 Bloodlines
14:54 Fishing Lines
17:57 Scale Barding Armor
18:04 Forging
19:03 Scale Barding Armor
21:05 Castle Age
19:28 Gold Mining
22:31 Iron Casting
21:18 Light Cavalry
21:58 Husbandry
22:49 Wheelbarrow
22:47 Chain Barding Armor
22:19 Town Watch
22:45 Bow Saw
24:58 Heavy Plow
29:19 Hand Cart
AIM | Agua cate 98
9:50 Loom
11:39 Feudal Age
16:23 Castle Age
14:52 Town Watch
14:58 Fletching
16:51 Double-Bit Axe
17:33 Medium Warships
21:24 Wheelbarrow
21:31 Forging
22:16 Bow Saw
25:00 Iron Casting
27:20 Bloodlines
27:59 Scale Barding Armor
29:31 Chain Barding Armor
Connection lost

Rejoining the realm…

Still unreachable

The connection could not be restored.

Session expired

The server has moved on; the page needs a fresh start.